 Dungeon Crawl Stone Soup version 0.22-a0-614-g34fbaa0 (webtiles) character file.

1303 Lianjan the Ruffian (level 8, -3/70 HPs)
             Began as a Ghoul Monk on July 12, 2018.
             Was an Elder of Nemelex Xobeh.
             Slain by Edmund
             ... wielding a +1 dire flail of holy wrath
              (11 damage)
             ... on level 6 of the Dungeon.
             The game lasted 00:11:19 (5347 turns).

Lianjan the Ruffian (Ghoul Monk)                    Turns: 5347, Time: 00:11:20

Health: -3/70      AC:  9    Str: 17    XL:     8   Next: 57%
Magic:  10/10      EV:  8    Int:  5    God:    Nemelex Xobeh [****..]
Gold:   519        SH:  0    Dex: 11    Spells: 7/7 levels left

rFire    . . .     SeeInvis .     - Unarmed
rCold    + . .     Gourm    .   (no shield)
rNeg     + + +     Faith    .   d - +0 chain mail
rPois    ∞         Spirit   .   (no helmet)
rElec    .         Reflect  .   (no cloak)
rCorr    .         Harm     .   (no gloves)
MR       .....                  (no boots)
Stlth    ..........             (no amulet)
HPRegen  0.00/turn              (no ring)
MPRegen  0.12/turn              (no ring)

@: rotting
A: rotting body, claws 1, carnivore, cold resistance 1, negative energy
resistance 3, inhibited regeneration, torment resistance, unbreathing
a: Triple Draw, Deal Four, Renounce Religion


You were on level 6 of the Dungeon.
You worshipped Nemelex Xobeh.
Nemelex Xobeh was greatly pleased with you.
You were not hungry.

You visited 1 branch of the dungeon, and saw 6 of its levels.
You also visited: Ossuary.

You collected 519 gold pieces.

Inventory:

Missiles
 l - 8 javelins (quivered)
Armour
 d - a +0 chain mail (worn)
 r - a +0 pair of gloves
Jewellery
 j - an uncursed ring of protection from fire {unknown}
 m - an uncursed ring of ice {unknown}
Wands
 n - a wand of clouds (5)
Scrolls
 e - 5 scrolls of identify {unknown}
 g - 2 scrolls of enchant weapon {unknown}
 h - 2 scrolls of enchant armour {unknown}
 q - a scroll of teleportation {unknown}
 s - 2 scrolls of amnesia {unknown}
 t - 2 scrolls of remove curse {unknown}
 u - a scroll of fear {unknown}
 w - a scroll of random uselessness {unknown}
Potions
 c - 3 potions of mutation {unknown}
 f - 3 potions of degeneration {unknown}
 p - 2 potions of agility {unknown}
 x - a potion of flight {unknown}
 z - 2 potions of haste {unknown}
Miscellaneous
 a - an ornate deck of escape
 i - a plain deck of summoning {drawn: 4}
 k - a legendary deck of escape
 o - a plain deck of summoning
 v - an ornate deck of summoning
 y - an ornate deck of summoning
Comestibles
 b - 7 rations
 A - 11 chunks of flesh


   Skills:
 + Level 6.0 Fighting
 + Level 3.2 Armour
 - Level 3.4 Dodging
 - Level 2.7 Stealth
 * Level 7.6 Unarmed Combat
 + Level 4.5 Invocations


You had 7 spell levels left.
You didn't know any spells.
Your spell library was empty.

Dungeon Overview and Level Annotations

Branches:
Dungeon (6/15)
 Temple: D:4-7

Altars:
Cheibriados
Nemelex Xobeh
Trog
Vehumet

Annotations:
D:3 1 runed door
D:6 Edmund


Innate Abilities, Weirdness & Mutations

Your body is rotting away.
You thrive on raw meat.
You are immune to poison.
You have sharp fingernails.
You are carnivorous and can eat meat at any time.
Your flesh is cold resistant. (rC+)
You are immune to negative energy. (rN+++)
You do not regenerate when monsters are visible.
You are immune to unholy pain and torment.
You can survive without breathing.


Message History

You convulse.
You closely miss Edmund.
Edmund is moderately wounded.
Edmund hits you with a dire flail of holy wrath!
You convulse!
Your quarterstaff "Upsuex" {drain, Str+4 SInv} hits Edmund but does no damage.
You claw Edmund!
Edmund is heavily wounded.
Edmund hits you but does no damage.
Your quarterstaff "Upsuex" {drain, Str+4 SInv} hits Edmund.
Edmund hits you with a dire flail of holy wrath!
You convulse.
* * * LOW HITPOINT WARNING * * *
You scratch Edmund.
Edmund is severely wounded.
Edmund hits you with a dire flail of holy wrath!
* * * LOW HITPOINT WARNING * * *
You convulse!
You die...
Your body disappears without a glow.

#.. ## #...# .##.. .##
#...## ...# . ...####....
#..## #.. ..
....#....#####...##...
... #......##............
.... #....#.............
....@###.....#..........>
.......#@..#.............
.......@##.##............
....#.(###.#.............
. ...#. #.#.............
.... .. #..#............
... ... #.#.............
.. ..#. .....#......##..#
. ...## .....##....)##...
##.. #.. #.......)...


You could see Edmund (berserk) and a friendly quarterstaff "Upsuex" {drain,
Str+4 SInv}.

Vanquished Creatures
  An ice beast (D:5)
  An ogre (D:4)
  2 centaurs (D:5)
  A bullfrog (D:6)
  An elf zombie (Ossuary)
  3 scorpions (D:5)
  A crimson imp (D:4)
  A hound (D:5)
  3 orc wizards
  4 orc priests
  A bullfrog skeleton (D:4)
  Ijyb (D:3)
  3 worker ants
  A gnoll (D:1)
  6 adders
  An adder skeleton (D:4)
  2 worms
  2 dart slugs
  3 leopard geckos
  33 orcs
  2 giant cockroaches
  2 gnoll zombies (Ossuary)
  8 goblins
  10 hobgoblins
  7 jackals (D:1)
  5 kobolds
  4 quokkas
  8 bats
  4 frilled lizards
  A hobgoblin zombie (Ossuary)
  2 orc zombies (Ossuary)
  5 rats
129 creatures vanquished.

Vanquished Creatures (collateral kills)
  A centaur zombie (D:6)
  An orc wizard (D:6)
  A human zombie (Ossuary)
  3 big kobold zombies (Ossuary)
  2 mummies (Ossuary)
  2 orcs (D:6)
  A giant cockroach (D:3)
  A goblin zombie (Ossuary)
  2 hobgoblin zombies (Ossuary)
  An orc zombie (Ossuary)
  2 rats (D:3)
17 creatures vanquished.

Grand Total: 146 creatures vanquished

Notes
Turn   | Place    | Note
-------+----------+-------------------------------------------
     0 | D:1      | Lianjan the Ghoul Monk began the quest for the Orb.
     0 | D:1      | Reached XP level 1. HP: 19/19 MP: 0/0
   287 | D:1      | Reached XP level 2. HP: 19/24 MP: 1/1
   448 | D:1      | Reached XP level 3. HP: 20/31 MP: 2/2
   679 | D:1      | Found a sparkling altar of Nemelex Xobeh.
   683 | D:1      | Became a worshipper of Nemelex Xobeh the Trickster
   683 | D:1      | Received a gift from Nemelex Xobeh
   683 | D:1      | Reached * piety under Nemelex Xobeh
   683 | D:1      | Reached ** piety under Nemelex Xobeh
  1343 | D:2      | Received a gift from Nemelex Xobeh
  1364 | D:2      | Reached skill level 4 in Unarmed Combat
  1364 | D:2      | Reached XP level 4. HP: 37/40 MP: 3/3
  1787 | D:2      | Found a radiant altar of Vehumet.
  2023 | D:2      | Reached skill level 1 in Invocations
  2449 | D:2      | Reached XP level 5. HP: 46/46 MP: 4/4
  2550 | D:3      | Found a runed door.
  2618 | D:3      | Noticed Ijyb
  2625 | D:3      | Killed Ijyb
  2664 | D:3      | Received a gift from Nemelex Xobeh
  3426 | D:4      | Reached *** piety under Nemelex Xobeh
  3510 | D:4      | Reached skill level 5 in Unarmed Combat
  3510 | D:4      | Reached XP level 6. HP: 24/53 MP: 6/6
  3761 | D:4      | Reached skill level 1 in Armour
  3983 | D:4      | Reached XP level 7. HP: 41/60 MP: 8/8
  4239 | D:4      | Received a gift from Nemelex Xobeh
  4344 | D:5      | Entered Level 5 of the Dungeon
  4390 | D:5      | Reached skill level 6 in Unarmed Combat
  4406 | D:5      | Reached skill level 5 in Fighting
  4475 | D:5      | Found a sand-covered staircase.
  4558 | D:5      | Received a gift from Nemelex Xobeh
  4561 | Ossuary  | Entered an ossuary
  4790 | D:5      | Reached XP level 8. HP: 51/68 MP: 9/9
  4863 | D:5      | Reached skill level 7 in Unarmed Combat
  5130 | D:5      | Found a bloodstained altar of Trog.
  5132 | D:5      | Found a snail-covered altar of Cheibriados.
  5174 | D:5      | Received a gift from Nemelex Xobeh
  5233 | D:6      | Reached **** piety under Nemelex Xobeh
  5332 | D:6      | Noticed Edmund
  5347 | D:6      | Slain by Edmund

Vault maps used:
D:1:      matt_arrival_diagonals, nemelex_diamond_rough_becter
D:2:      lemuel_round_altar
D:3:      first_ration, uniq_ijyb, uniq_crazy_yiuf_cottage
D:4:      glass_columns_a
D:5:      chequers_temple_overflow_statue_of_worship, enter_ossuary_3
D:6:      kennysheep_flooded_box, uniq_edmund
Ossuary:  minmay_ossuary_gauntlet

Skill      XL: |  1  2  3  4  5  6  7  8 |
---------------+-------------------------+-----
Dodging        | 3 |  3.4
Unarmed Combat | 4 5 6 7 |  7.6
Fighting       | 4 5 6 |  6.0
Invocations    | 1 2 3 4 |  4.5
Armour         | 1 2 3 |  3.2
Stealth        | |  2.7

Action                   |  1- 3 |  4- 6 |  7- 9 || total
-------------------------+-------+-------+-------++-------
Melee: Unarmed           |   124 |   243 |   145 ||   512
       Punch             |       |     4 |       ||     4
Evoke: Deck              |       |     1 |     3 ||     4
 Stab: Sleeping          |     7 |     2 |       ||     9
  Eat: Chunk             |     5 |     9 |     2 ||    16
Armor: Robe              |    15 |       |       ||    15
       Leather armour    |     6 |    16 |       ||    22
       Chain mail        |       |    67 |    71 ||   138
Dodge: Dodged            |   102 |   130 |    78 ||   310

Table legend:
 A = Spawn XP
 B = Non-spawn XP
 C = Spawn XP percentage of total XP
 D = Spawn monster count
 E = Non-spawn monster count
 F = Spawn count percentage of total count
 G = Total turns spent on level
                    A         B        C        D         E        F      G
               +---------+---------+-------+---------+---------+-------+---------
         Total |       0 |    1862 |   0.0 |       0 |     146 |   0.0 |  5347
               +---------+---------+-------+---------+---------+-------+---------
           D:1 |       0 |      68 |   0.0 |       0 |      31 |   0.0 |  1319
           D:2 |       0 |     100 |   0.0 |       0 |      20 |   0.0 |  1183
           D:3 |       0 |      62 |   0.0 |       0 |      20 |   0.0 |   742
           D:4 |       0 |     405 |   0.0 |       0 |      33 |   0.0 |  1100
           D:5 |       0 |     847 |   0.0 |       0 |      18 |   0.0 |   667
           D:6 |       0 |     214 |   0.0 |       0 |       8 |   0.0 |   115
       Ossuary |       0 |     166 |   0.0 |       0 |      16 |   0.0 |   221
               +---------+---------+-------+---------+---------+-------+---------
